 Dungeon Crawl Stone Soup version 0.20-a0-971-g5896763 (webtiles) character file.

166153 Klosterheim the Stormcaller (level 17, -2/87 HPs)
             Began as a Deep Elf Wizard on Apr 5, 2017.
             Was a High Priest of Sif Muna.
             Killed from afar by a shock serpent (12 damage)
             ... with an electric aura
             ... on level 4 of the Snake Pit on Apr 8, 2017.
             The game lasted 02:54:31 (51832 turns).

Klosterheim the Stormcaller (Deep Elf Wizard)      Turns: 51832, Time: 02:54:32

Health: -2/87      AC: 11    Str:  4    XL:     17   Next: 29%
Magic:  0/39       EV: 21    Int: 33    God:    Sif Muna [*****.]
Gold:   2282       SH:  5    Dex: 13    Spells: 3/48 levels left

rFire    + . .     SeeInvis .   v - staff of conjuration
rCold    + . .     Gourm    .   c - +0 buckler
rNeg     . . .     Faith    .   O - +2 robe {rC+ rF+}
rPois    .         Spirit   .   o - +0 helmet
rElec    .         Reflect  .   t - scarf of Xiuhur {Int+2}
rCorr    .         Harm     .   D - +2 pair of gloves
MR       ++...                  y - +2 pair of boots
Stlth    +++++.....             r - amulet of regeneration
Regen    0.7/turn               S - +3 ring of evasion
MPRegen  0.3/turn               N - ring of protection from magic

@: no casting, deflect missiles
A: no striking features
a: Stop Divine Energy, Channel Magic, Forget Spell, Renounce Religion


You were on level 4 of the Snake Pit.
You worshipped Sif Muna.
Sif Muna was extremely pleased with you.
You were not hungry.

You visited 4 branches of the dungeon, and saw 27 of its levels.
You also visited: Bailey.

You collected 2882 gold pieces.
You spent 600 gold pieces at shops.

Inventory:

Hand Weapons
 L - the cursed +3 great sword "Spiderslayer" {elec, Str+4, unknown}
   (You found it on level 6 of the Lair of Beasts)

   Occasionally, upon striking a foe, it will discharge some electrical energy
   and cause terrible harm.
   It affects your strength (+4).
   It has a curse placed upon it.
Armour
 c - a +0 buckler (worn)
 o - a +0 helmet (worn)
 t - the scarf of Xiuhur (worn) {Int+2}
   (You found it on level 7 of the Dungeon)

   It affects your intelligence (+2).
 y - a +2 pair of boots (worn)
 B - the +2 leather armour "Pexu" {rF+ rC+ SInv}
   (You found it on level 6 of the Dungeon)

   It protects you from fire.
   It protects you from cold.
   It lets you see invisible.
 D - a +2 pair of gloves (worn)
 E - the scarf "Diuph" {rC- rN+++ Str+3 Int+2}
   (You found it on level 2 of the Snake Pit)

   It affects your strength (+3).
   It affects your intelligence (+2).
   It makes you vulnerable to cold.
   It renders you almost immune to negative energy.
 O - a +2 robe of resistance (worn)
Magical Staves
 v - an uncursed staff of conjuration (weapon)
Jewellery
 r - an amulet of regeneration (around neck)
 G - an uncursed ring of resist corrosion
 K - an uncursed ring of protection from cold
 N - a ring of protection from magic (right hand)
 S - a +3 ring of evasion (left hand)
Wands
 a - a wand of paralysis (5/24)
 H - a wand of acid (7/15)
Scrolls
 j - 4 scrolls of immolation
 l - 12 scrolls of remove curse
 n - 3 scrolls of recharging
 p - 7 scrolls of teleportation
 q - 2 scrolls of magic mapping
 u - 2 scrolls of enchant weapon
 w - a scroll of fog
 x - 2 scrolls of enchant armour
 A - a scroll of amnesia
 C - 3 scrolls of identify
 Q - 2 scrolls of fear
 T - a scroll of silence
Potions
 b - a potion of might
 e - 2 potions of cancellation
 g - 5 potions of lignification
 h - a potion of haste
 i - 5 potions of flight
 k - a potion of invisibility {unknown}
 m - 3 potions of brilliance
 s - 4 potions of mutation
 I - 6 potions of curing
 P - 2 potions of magic
 R - a potion of berserk rage
Books
 F - Sif Muna's Collected Works on Transmigration
   (Sif Muna gifted it to you on level 3 of the Snake Pit)

   Spells                             Type                      Level
   a - Passwall                       Transmutation/Earth          2
   b - Irradiate                      Conjuration/Transmutation    5
   c - Statue Form                    Transmutation/Earth          6
 M - Sif Muna's Reference Book on Malediction and Flight
   (Sif Muna gifted it to you in a bailey)

   Spells                             Type                      Level
   a - Confuse                        Hexes                        3
   b - Spectral Weapon                Hexes/Charms                 3
   c - Fulminant Prism                Conjuration/Hexes            4
   d - Conjure Ball Lightning         Conjuration/Air              6
   e - Chain Lightning                Conjuration/Air              8
   f - Tornado                        Air                          9
Comestibles
 d - 6 bread rations
 f - 33 royal jellies


   Skills:
 - Level 3.0 Fighting
 - Level 2.2 Armour
 - Level 10.1 Dodging
 - Level 11.0 Stealth
 - Level 4.0 Shields
 - Level 16.3 Spellcasting
 * Level 16.7 Conjurations
 - Level 4.0 Hexes
 - Level 5.1 Charms
   Level 1.1 Summonings
 - Level 4.1 Translocations
 * Level 18.0 Air Magic
 - Level 5.7 Invocations


You had 3 spell levels left.
You knew the following spells:

 Your Spells              Type           Power        Failure   Level  Hunger
a - Deflect Missiles      Chrm/Air       #######...   1%          6    #......
b - Blink                 Tloc           N/A          1%          2    None
c - Iskenderun's Mystic   Conj           ########     0%          4    None
d - Fulminant Prism       Conj/Hex       #######...   1%          4    None
e - Chain Lightning       Conj/Air       ########..   10%         8    ######.
g - Swiftness             Chrm/Air       #######.     1%          2    None
i - Mephitic Cloud        Conj/Pois/Air  ########     1%          3    None
j - Airstrike             Air            #######...   0%          4    None
k - Lightning Bolt        Conj/Air       ########..   1%          5    None
l - Orb of Destruction    Conj           ########..   1%          7    ####...


Dungeon Overview and Level Annotations

Branches:
Dungeon (15/15)            Temple (0/1) D:5            Lair (6/6) D:8
 Shoals (0/4) Lair:3        Snake (4/4) Lair:3        Slime (0/5) Lair:5
    Orc (2/2) D:10            Elf (0/3) Orc:2        Vaults (0/5) D:14
 Depths (0/5) D:15

Altars:
Dithmenos
Elyvilon
Fedhas
Gozag
Makhleb
Nemelex Xobeh
Okawaru
Qazlal
Ru
Sif Muna
Vehumet
Wu Jian
Xom
Yredelemnul
Zin
Beogh

Shops:
D:4 ?   Orc:1 (   Orc:2 =[(*

Annotations:
Snake:3 Aizul


Message History

The shock serpent shocks you!
* * * LOW HITPOINT WARNING * * *
The shock serpent misses you.
You feel better. The shock serpent barely misses you.
Unknown command.
Casting: Iskenderun's Mystic Blast
Confirm with . or Enter, or press ? or * to list all spells.
Okay, then.
Casting: Iskenderun's Mystic Blast
Confirm with . or Enter, or press ? or * to list all spells.
Aiming: Orb of Destruction
Press: ? - help, Shift-Dir - straight line, f/p - shock serpent
Aim: a shock serpent (heavily wounded)
You feel a surge of power!
The wavering orb of destruction weakly hits the shock serpent.
You blow up the shock serpent!
Sif Muna accepts your kill. Sif Muna grants you divine energy.
You briefly lose access to your magic!
The air sparks with electricity, shocking you!
You die...

### # ####.#### ####
#.#
##.....#.###..##....
#...................
#...................
#...@.......<...###
#................#
#................#
##.....######+#..#
##....# .S# #....#
..# .....# .#
#.....# .#


There were no monsters in sight!

Vanquished Creatures
  Nikola (Snake:1)
  Rupert (Lair:3)
  Frances (Snake:2)
  Kirke (Lair:5)
  A nagaraja (Snake:2)
  An orc warlord (Orc:2)
  A stone giant (Orc:1)
  Nessos (Orc:2)
  Snorg (Lair:3)
  Josephine (Lair:6)
  6 naga warriors
  Harold (Lair:1)
  A catoblepas (Lair:6)
  8 vault guards (D:14)
  6 hydras
  Fannar (D:12)
  7 anacondas
  A death knight (D:15)
  A deep troll shaman (Lair:6)
  A centaur warrior (D:13)
  15 death yaks
  An ogre mage (D:15)
  9 two-headed ogres
  4 orc high priests
  3 tengu warriors (D:15)
  Urug (Orc:2)
  9 shock serpents
  3 naga sharpshooters (Snake:3)
  Nergalle (Orc:2)
  Sonja (Lair:3)
  2 unseen horrors
  5 naga ritualists
  4 wizards (D:15)
  7 orc knights
  A wolf spider zombie (D:15)
  7 mana vipers
  5 orc sorcerers
  4 cyclopes
  2 oklob plants (Lair:3)
  4 deep elf magi
  6 slime creatures
  16 elephants
  8 salamanders
  2 ugly things
  12 naga magi
  A torpor snail (Lair:2)
  20 spiny frogs
  5 guardian serpents
  32 black mambas
  Psyche (D:12)
  A molten gargoyle (Lair:3)
  A spiny frog (shapeshifter) (D:15)
  A gargoyle (D:11)
  4 kobold demonologists
  A rime drake (Lair:2)
  14 komodo dragons
  A redback zombie (D:15)
  6 trolls
  A queen bee (Lair:4)
  A tengu conjurer (D:15)
  A merfolk (D:12)
  3 meliai (Lair:4)
  A polar bear (Lair:3)
  Prince Ribbit (D:8)
  22 blink frogs
  11 hippogriffs
  7 dream sheep (Lair:6)
  A meliai zombie (D:13)
  A harpy skeleton (D:15)
  2 shadows (D:15)
  2 wyverns
  38 yaks
  7 wraiths
  A spriggan (D:12)
  5 basilisks
  A human (D:12)
  7 hogs (Lair:5)
  Grum (Lair:1)
  5 hungry ghosts
  Edmund (D:6)
  A warg (Orc:1)
  34 nagas
  11 water moccasins
  8 ice beasts
  42 orc warriors
  6 phantoms
  7 porcupines
  A black bear (Lair:6)
  18 ogres
  A sky beast (D:6)
  2 necrophages
  8 centaurs
  10 wolves
  14 crocodiles
  4 big kobolds
  The ghost of feelmyfire the Conjurer, an amateur DECj (D:3)
  21 bullfrogs
  A gnoll sergeant (D:10)
  A wyvern skeleton (D:14)
  A wyvern zombie (D:11)
  3 troll zombies (D:10)
  4 scorpions
  48 killer bees
  3 wights (D:15)
  2 electric eels
  A howler monkey (D:7)
  7 crimson imps
  25 orc priests
  35 orc wizards
  5 bullfrog zombies
  A gnoll shaman (D:5)
  A hound (D:11)
  9 jellies
  6 centaur skeletons
  8 iguanas
  Ijyb (D:4)
  13 worker ants
  5 ogre zombies (D:10)
  A hound skeleton (D:8)
  13 gnolls
  A howler monkey skeleton (D:4)
  10 adders
  3 shadow imps
  3 oozes
  An adder skeleton (D:5)
  2 dart slugs (D:1)
  2 leopard geckos
  128 orcs
  9 bats
  10 giant cockroaches
  20 goblins
  7 hobgoblins
  20 jackals
  8 quokkas
  2 frilled lizards
  A frilled lizard (shapeshifter) (D:15)
  A goblin skeleton (D:10)
  2 goblin zombies (D:10)
  2 hobgoblin skeletons (D:10)
  4 hobgoblin zombies (D:10)
  18 kobolds
  3 orc skeletons (D:10)
  13 orc zombies (D:10)
  A quokka skeleton (D:4)
  8 rats
  8 fulminant prisms
  5 fungi
  3 plants
1061 creatures vanquished.

Vanquished Creatures (others)
  A ball lightning (D:11)
  4 yaks (Lair:6)
  An orc (D:12)
  120 fulminant prisms
  6 fungi
  11 plants
143 creatures vanquished.

Grand Total: 1204 creatures vanquished

Notes
Turn   | Place    | Note
-------+----------+-------------------------------------------
     0 | D:1      | Klosterheim the Deep Elf Wizard began the quest for the Orb.
     0 | D:1      | Reached XP level 1. HP: 10/10 MP: 7/7
   417 | D:1      | Reached XP level 2. HP: 15/15 MP: 7/9
  1042 | D:2      | Reached XP level 3. HP: 19/19 MP: 8/11
  1135 | D:2      | Found a stormy altar of Qazlal.
  1137 | D:2      | Found a blossoming altar of Fedhas.
  1137 | D:2      | Found a sacrificial altar of Ru.
  1158 | D:2      | Found a shadowy altar of Dithmenos.
  1377 | D:2      | Learned a level 2 spell: Blink
  2112 | D:3      | Reached skill level 5 in Spellcasting
  2114 | D:3      | Reached XP level 4. HP: 11/24 MP: 5/13
  2295 | D:3      | Found a sparkling altar of Nemelex Xobeh.
  2295 | D:3      | Found an opulent altar of Gozag.
  2819 | D:3      | Noticed feelmyfire's ghost (amateur DECj)
  2826 | D:3      | Killed feelmyfire's ghost
  2826 | D:3      | Reached XP level 5. HP: 15/28 MP: 8/15
  2960 | D:3      | Reached skill level 5 in Conjurations
  3006 | D:3      | Learned a level 4 spell: Iskenderun's Mystic Blast
  3191 | D:3      | Found a shimmering altar of Xom.
  3254 | D:3      | Found an ornate altar of the Wu Jian Council.
  3327 | D:4      | Noticed a phantom
  3630 | D:4      | Noticed Ijyb
  3634 | D:4      | Killed Ijyb
  3634 | D:4      | Reached XP level 6. HP: 32/32 MP: 2/17
  4517 | D:4      | Found Wezxoasoa's Magic Scroll Shoppe.
  4531 | D:4      | Bought a scroll of identify for 22 gold pieces
  4531 | D:4      | Bought a scroll of teleportation for 33 gold pieces
  4531 | D:4      | Bought a scroll of identify for 22 gold pieces
  4531 | D:4      | Bought a scroll of identify for 22 gold pieces
  4531 | D:4      | Bought a scroll of identify for 22 gold pieces
  4531 | D:4      | Bought a scroll of teleportation for 33 gold pieces
  4696 | D:5      | Entered Level 5 of the Dungeon
  4865 | D:5      | Reached XP level 7. HP: 36/36 MP: 10/19
  5354 | D:5      | Found a deep blue altar of Sif Muna.
  5444 | D:5      | Became a worshipper of Sif Muna the Loreminder
  5601 | D:5      | Learned a level 4 spell: Fulminant Prism
  5605 | D:5      | Learned a level 3 spell: Dazzling Spray
  5608 | D:5      | Learned a level 2 spell: Searing Ray
  5917 | D:5      | Found a staircase to the Ecumenical Temple.
  5923 | D:5      | Reached XP level 8. HP: 41/41 MP: 9/21
  6004 | D:5      | Found a glowing silver altar of Zin.
  6359 | D:6      | Noticed Edmund
  6364 | D:6      | Killed Edmund
  6364 | D:6      | Reached skill level 5 in Stealth
  6616 | D:6      | Found an iron altar of Okawaru.
  6630 | D:6      | Reached skill level 5 in Dodging
  6708 | D:6      | Got an encrusted leather armour
  6710 | D:6      | Identified the +2 leather armour "Pexu" {rF+ rC+ SInv} (You found it on level 6 of the Dungeon)
  7093 | D:7      | Reached skill level 1 in Armour
  7398 | D:7      | Got an encrusted scarf
  7404 | D:7      | Identified the scarf of Xiuhur {Int+2} (You found it on level 7 of the Dungeon)
  7419 | D:7      | Learned a level 2 spell: Swiftness
  7600 | D:7      | Reached * piety under Sif Muna
  7834 | D:7      | Reached XP level 9. HP: 40/45 MP: 14/23
  8304 | D:7      | Got an ivory quarterstaff
  8371 | D:7      | Identified the +4 quarterstaff of Cheibriados's Regard {venom, rN+ Int+3} (You found it on level 7 of the Dungeon)
  8759 | D:7      | Found a radiant altar of Vehumet.
  8766 | D:7      | Found a basalt altar of Yredelemnul.
  8875 | D:8      | Noticed a two-headed ogre
  8886 | D:8      | Killed a two-headed ogre
  8886 | D:8      | Reached ** piety under Sif Muna
  8886 | D:8      | Reached skill level 10 in Conjurations
  9193 | D:8      | Noticed a two-headed ogre
  9195 | D:8      | Found a staircase to the Lair.
  9195 | D:8      | Noticed a death yak
  9196 | D:8      | Noticed a death yak
  9673 | D:8      | Noticed a two-headed ogre
  9754 | D:7      | Learned a level 4 spell: Force Lance
  9800 | D:8      | Noticed Prince Ribbit
  9835 | D:7      | Reached XP level 10. HP: 50/50 MP: 14/25
  9961 | D:8      | Killed a death yak
  9961 | D:8      | Reached *** piety under Sif Muna
  9961 | D:8      | Reached skill level 10 in Spellcasting
  9964 | D:8      | Killed a death yak
 10143 | D:8      | Killed a two-headed ogre
 10458 | D:8      | Noticed a two-headed ogre
 10465 | D:8      | Killed a two-headed ogre
 10465 | D:8      | Reached **** piety under Sif Muna
 10673 | D:8      | Killed Prince Ribbit
 10735 | D:8      | Learned a level 3 spell: Mephitic Cloud
 10801 | D:8      | Killed a two-headed ogre
 10801 | D:8      | Reached XP level 11. HP: 54/54 MP: 14/28
 10832 | D:8      | Noticed a two-headed ogre
 10835 | D:8      | Killed a two-headed ogre
 10979 | D:8      | Found a burning altar of Makhleb.
 12166 | D:9      | Noticed a death yak
 12339 | D:9      | Killed a death yak
 12602 | Lair:1   | Entered Level 1 of the Lair of Beasts
 12735 | Lair:1   | Noticed a four-headed hydra
 12738 | Lair:1   | Noticed Harold
 12738 | Lair:1   | Killed a four-headed hydra
 12898 | D:10     | Entered Level 10 of the Dungeon
 14011 | D:10     | Found a staircase to the Orcish Mines.
 14713 | D:11     | Reached ***** piety under Sif Muna
 14780 | D:11     | Noticed a cyan ugly thing
 14789 | D:11     | Killed a cyan ugly thing
 14991 | D:11     | Found a flagged portal.
 14997 | Bailey   | Entered a bailey
 15018 | Bailey   | Identified Sif Muna's Reference Book on Malediction and Flight (Sif Muna gifted it to you in a bailey)
 15018 | Bailey   | Received a gift from Sif Muna
 15127 | Bailey   | Reached skill level 1 in Air Magic
 15136 | Bailey   | Noticed an orc sorcerer
 15141 | Bailey   | Killed an orc sorcerer
 15202 | Bailey   | Reached skill level 2 in Air Magic
 15243 | Bailey   | Noticed an orc knight
 15411 | D:11     | Reached XP level 12. HP: 59/59 MP: 21/30
 15432 | D:11     | Reached skill level 3 in Air Magic
 15956 | D:11     | Reached skill level 4 in Air Magic
 16142 | D:11     | Learned a level 6 spell: Conjure Ball Lightning
 16255 | D:11     | Learned a level 4 spell: Airstrike
 16493 | D:11     | Reached skill level 5 in Air Magic
 16666 | D:11     | Found a roughly hewn altar of Beogh.
 16986 | D:10     | Learned a level 5 spell: Lightning Bolt
 17035 | Lair:1   | Killed Harold
 17035 | Lair:1   | Reached skill level 1 in Invocations
 17247 | Lair:1   | Reached skill level 6 in Air Magic
 17587 | Lair:1   | Reached skill level 7 in Air Magic
 17948 | Lair:1   | Noticed Grum
 17951 | Lair:1   | Killed Grum
 18751 | Lair:2   | Reached skill level 8 in Air Magic
 18789 | Lair:2   | Found a white marble altar of Elyvilon.
 19234 | Lair:2   | Reached skill level 5 in Invocations
 19429 | Lair:2   | Identified Sif Muna's Papyrus of Icy Attacks (Sif Muna gifted it to you on level 2 of the Lair of Beasts)
 19429 | Lair:2   | Received a gift from Sif Muna
 21207 | Lair:2   | Reached skill level 9 in Air Magic
 21401 | Lair:3   | Noticed Rupert
 21403 | Lair:3   | Paralysed by Rupert for 7 turns
 21412 | Lair:3   | Found a staircase to the Snake Pit.
 21415 | Lair:3   | Reached XP level 13. HP: 42/63 MP: 17/31
 21742 | Lair:3   | Noticed Sonja
 21902 | Lair:3   | Killed Rupert
 21902 | Lair:3   | Reached skill level 10 in Air Magic
 21905 | Lair:3   | Killed Sonja
 22060 | Lair:3   | Noticed Snorg
 22065 | Lair:3   | Killed Snorg
 22707 | Lair:3   | Found a staircase to the Shoals.
 23118 | Lair:3   | Reached skill level 11 in Air Magic
 24224 | Lair:4   | Identified Sif Muna's Tome of Stones and Calling (Sif Muna gifted it to you on level 4 of the Lair of Beasts)
 24224 | Lair:4   | Received a gift from Sif Muna
 24224 | Lair:4   | Reached skill level 12 in Air Magic
 25726 | Lair:5   | Reached XP level 14. HP: 68/68 MP: 21/34
 25949 | Lair:5   | Noticed Kirke
 26292 | Lair:5   | Reached skill level 13 in Air Magic
 26397 | Lair:5   | Found a staircase to the Slime Pits.
 26802 | Lair:5   | Killed Kirke
 27589 | Lair:6   | Entered Level 6 of the Lair of Beasts
 27593 | Lair:6   | Reached skill level 1 in Fighting
 27603 | Lair:6   | Noticed Josephine
 28078 | Lair:6   | Killed Josephine
 29252 | Lair:6   | Identified Sif Muna's Reference Book on Conjuration (Sif Muna gifted it to you on level 6 of the Lair of Beasts)
 29252 | Lair:6   | Received a gift from Sif Muna
 29264 | Lair:6   | Learned a level 7 spell: Orb of Destruction
 29445 | Lair:6   | Upgraded the game from 0.20-a0-957-g47ad1fd to 0.20-a0-959-gdc9e609
 29477 | Lair:5   | Reached skill level 14 in Air Magic
 30341 | Lair:6   | Reached skill level 15 in Spellcasting
 30910 | Lair:6   | Got a smoking great sword
 31623 | D:9      | Reached skill level 15 in Air Magic
 31988 | Orc:1    | Entered Level 1 of the Orcish Mines
 32225 | Orc:1    | Reached XP level 15. HP: 78/78 MP: 27/36
 32260 | Orc:1    | Found Syipeci's Antique Weapon Shop.
 32887 | Orc:1    | Reached ****** piety under Sif Muna
 32887 | Orc:1    | Identified Sif Muna's Volume of Cloudy Translocation (Sif Muna gifted it to you on level 1 of the Orcish Mines)
 32887 | Orc:1    | Received a gift from Sif Muna
 33263 | Orc:2    | Entered Level 2 of the Orcish Mines
 34012 | Orc:2    | Found a staircase to the Elven Halls.
 34514 | Orc:2    | Noticed Nergalle
 34584 | Orc:2    | Killed Nergalle
 34592 | Orc:2    | Noticed Nessos
 34825 | Orc:2    | Reached skill level 10 in Stealth
 34991 | Orc:2    | Killed Nessos
 35140 | Orc:2    | Noticed an orc warlord
 35145 | Orc:2    | Noticed Urug
 35149 | Orc:2    | Killed an orc warlord
 35778 | Orc:2    | Killed Urug
 36145 | Orc:2    | Found a roughly hewn altar of Beogh.
 36153 | Orc:2    | Reached skill level 10 in Dodging
 36157 | Orc:2    | Found Sonnoboc's Antique Weapon Shoppe.
 36297 | Orc:2    | Found Coniti's General Store.
 36311 | Orc:2    | Found Putud's Jewellery Shoppe.
 36328 | Orc:2    | Found Tuneluce's Antique Armour Shoppe.
 36573 | Orc:2    | Bought a scroll of teleportation for 45 gold pieces
 36590 | Orc:2    | Bought an uncursed ring of protection from magic for 275 gold pieces
 37180 | D:12     | Noticed Fannar
 37201 | D:12     | Killed Fannar
 37477 | D:12     | Noticed Psyche
 37481 | D:12     | Killed Psyche
 38754 | D:13     | Got a shimmering chain mail
 38757 | D:13     | Identified the +8 chain mail of an ice cave {Int-3 Dex+4} (You found it on level 13 of the Dungeon)
 40288 | D:14     | Identified Archysol's Almanac of Feathers (Sif Muna gifted it to you on level 14 of the Dungeon)
 40288 | D:14     | Received a gift from Sif Muna
 40296 | D:14     | Reached skill level 16 in Air Magic
 40416 | D:14     | Learned a level 6 spell: Deflect Missiles
 40479 | D:14     | Found a gate to the Vaults.
 40485 | D:14     | Reached skill level 1 in Charms
 40782 | Orc:2    | Bought a buckler for 126 gold pieces
 41139 | D:14     | Reached skill level 1 in Shields
 42147 | D:14     | Reached skill level 5 in Charms
 42396 | D:14     | Found a white marble altar of Elyvilon.
 42584 | D:15     | Entered Level 15 of the Dungeon
 42689 | D:15     | Reached XP level 16. HP: 83/83 MP: 14/38
 43783 | D:15     | Learned a level 8 spell: Chain Lightning
 44117 | D:15     | Found a staircase to the Depths.
 44950 | Snake:1  | Entered Level 1 of the Snake Pit
 44967 | Snake:1  | Noticed Nikola
 45060 | Snake:1  | Killed Nikola
 45879 | Snake:1  | Reached skill level 15 in Conjurations
 46132 | Snake:1  | Identified Sif Muna's Papyrus of Creative Beguiling (Sif Muna gifted it to you on level 1 of the Snake Pit)
 46132 | Snake:1  | Received a gift from Sif Muna
 47007 | Snake:2  | Got a dazzling scarf
 47018 | Snake:2  | Identified the scarf "Diuph" {rC- rN+++ Str+3 Int+2} (You found it on level 2 of the Snake Pit)
 47448 | Snake:2  | Noticed Frances
 47460 | Snake:2  | Killed Frances
 47460 | Snake:2  | Reached skill level 17 in Air Magic
 48069 | Snake:2  | Noticed Aizul
 50082 | Snake:2  | Reached XP level 17. HP: 66/87 MP: 26/39
 50336 | Snake:2  | Upgraded the game from 0.20-a0-959-gdc9e609 to 0.20-a0-967-g62cfa5d
 50803 | Snake:3  | Identified Sif Muna's Collected Works on Transmigration (Sif Muna gifted it to you on level 3 of the Snake Pit)
 50803 | Snake:3  | Received a gift from Sif Muna
 51196 | Snake:2  | Upgraded the game from 0.20-a0-967-g62cfa5d to 0.20-a0-971-g5896763
 51621 | Snake:3  | Reached skill level 18 in Air Magic
 51808 | Snake:4  | Entered Level 4 of the Snake Pit
 51830 | Snake:4  | HP: 1/87 [shock serpent (14)]
 51832 | Snake:4  | Killed from afar by a shock serpent

Vault maps used:
D:1:      doesnt_arrival_goblin_jail
D:2:      grunt_temple_overflow_open
D:3:      grunt_temple_overflow_opulence, nicolae_overflow_hidden_temple,
          minmay_goblin_outpost
D:4:      serial_shops, nicolae_shop_trees, first_bread, serial_bayou_pond_a,
          nicolae_underground_beach, uniq_iyjb
D:5:      kennysheep_mini, minmay_temple_entry_statues_fountains,
          enter_ossuary_5, lemuel_blue_sif_altar
D:6:      kennysheep_mini_moat, serial_park_tiny_1, uniq_edmund
D:7:      amethyst_overflow_temple_binary, st_stairs_5
D:8:      lemuel_coloured_pillars_altar, dpeg_lair_monsters, uniq_prince_ribbit1
D:10:     zombieorc2_lemuel
D:11:     special_room, enter_bailey_3
D:12:     hangedman_stone_soup, uniq_fannar, uniq_psyche
D:14:     erik_vaults_2, lemuel_crystal_altar
D:15:     grunt_enter_depths_magical_seal, minmay_misc_feat_x
Lair:1:   portal_ice_cave_entry_pillars_2, lab_entry_generic,
          beast_lair_carwin_8, uniq_grum, uniq_harold
Lair:2:   basic_altar, st_stairs_11, beast_lair_carwin_11
Lair:3:   shoals_dummy_entry, dummy_snake_entry, st_stairs_12,
          minmay_lair_oklob_chamber, grunt_megastairs_2, lemuel_fruit_tree,
          uniq_sonja, uniq_rupert, uniq_snorg
Lair:4:   special_room, infiniplex_staircase_pool
Lair:5:   nicolae_slime_entry_slimehenge, uniq_kirke
Lair:6:   grunt_lair_end_beastmaster, uniq_josephine
Snake:1:  uniq_nikola
Snake:2:  grunt_ministairs_10, st_stairs_4, serial_bayou_pond_c,
          hangedman_corner_corridor, uniq_frances, uniq_aizul
Snake:3:  nicolae_snake_serpentine_hallways, nrook_guardian_serpent_double,
          grunt_megastairs_1
Snake:4:  johnstein_snake_rune_scales, uniq_vashnia
Orc:1:    serial_shops, nicolae_shop_overgrown_old_shop
Orc:2:    grunt_orc_cross, uniq_nessos
Bailey:   bailey_axe_of_yendor_kennysheep, bailey

Skill      XL: |  1  2  3  4  5  6  7  8  9 10 11 12 13 14 15 16 17 |
---------------+----------------------------------------------------+-----
Conjurations   | 2 3 4 5 6 7 8 10 13 14 16 | 16.7
Spellcasting   | 5 6 7 8 9 11 12 14 15 16 | 16.3
Hexes          | 3 4 |  4.0
Dodging        | 3 5 8 10 | 10.1
Stealth        | 3 5 9 11 | 11.0
Armour         | 2 |  2.2
Translocations | 4 |  4.1
Air Magic      | 2 9 12 15 16 17 18 | 18.0
Invocations    | 5 |  5.7
Fighting       | 3 |  3.0
Charms         | 5 |  5.1
Shields        | 3 4 |  4.0
Summonings     | |  1.1

Action                   |  1- 3 |  4- 6 |  7- 9 | 10-12 | 13-15 | 16-18 || total
-------------------------+-------+-------+-------+-------+-------+-------++-------
Melee: Unarmed           |     2 |       |       |       |       |       ||     2
       Staff             |       |    12 |     6 |    40 |    68 |    31 ||   157
 Cast: Magic Dart        |   110 |   106 |   137 |   306 |   102 |       ||   761
       Blink             |     1 |     2 |       |       |    16 |     3 ||    22
       Iskenderun's Myst |       |    12 |    32 |   139 |   525 |   307 ||  1015
       Fulminant Prism   |       |       |    20 |    71 |    36 |     2 ||   129
       Dazzling Spray    |       |       |     2 |     3 |     2 |       ||     7
       Searing Ray       |       |       |    11 |     3 |       |       ||    14
       Force Lance       |       |       |     2 |    12 |    17 |       ||    31
       Swiftness         |       |       |     2 |     7 |     3 |       ||    12
       Mephitic Cloud    |       |       |       |     1 |     3 |       ||     4
       Airstrike         |       |       |       |    15 |    68 |       ||    83
       Lightning Bolt    |       |       |       |     2 |    26 |    20 ||    48
       Conjure Ball Ligh |       |       |       |     1 |       |       ||     1
       Orb of Destructio |       |       |       |       |    73 |    30 ||   103
       Deflect Missiles  |       |       |       |       |     1 |     1 ||     2
       Chain Lightning   |       |       |       |       |       |    13 ||    13
Invok: Divine Energy     |       |       |     1 |       |       |       ||     1
       Forget Spell      |       |       |       |       |       |     3 ||     3
Evoke: Wand              |       |       |       |       |       |     1 ||     1
  Use: Scroll            |       |    12 |     8 |    10 |    13 |     7 ||    50
       Potion            |       |       |     2 |     5 |     6 |     6 ||    19
 Stab: Paralysed         |       |       |       |       |       |     4 ||     4
  Eat: Chunk             |     3 |     5 |    13 |    20 |    52 |     9 ||   102
       Meat ration       |       |     1 |       |     2 |       |     4 ||     7
       Fruit             |       |       |     4 |     6 |    12 |     4 ||    26
       Bread ration      |       |       |       |     1 |     3 |     1 ||     5
Armor: Robe              |    10 |     3 |     3 |       |    18 |    34 ||    68
       Leather armour    |       |       |     7 |    43 |    33 |       ||    83
       Skin              |       |       |       |       |    52 |       ||    52
Dodge: Dodged            |    18 |    24 |    32 |   118 |   321 |   176 ||   689
       Deflected         |       |       |       |       |       |    18 ||    18
Block: Buckler           |       |       |       |       |       |    23 ||    23
